 Dungeon Crawl Stone Soup version 0.23.2-33-g5129a83184 (webtiles) character file.

Game seed: 5023397963531381174

65 Gildeon the Sneak (level 3, 0/16 HPs)
             Began as a Spriggan Conjurer on July 3, 2019.
             Killed by divine providence
             ... invoked by an orc priest
              (10 damage)
             ... on level 3 of the Dungeon.
             The game lasted 00:08:29 (1978 turns).

Gildeon the Sneak (Spriggan Conjurer)               Turns: 1978, Time: 00:08:30

Health: 0/16       AC:  4    Str:  4    XL:     3   Next: 94%
Magic:  0/9        EV: 18    Int: 17    God:
Gold:   90         SH:  0    Dex: 16    Spells: 3/9 levels left

rFire    . . .     SeeInvis +   d - +0 dagger
rCold    . . .     Gourm    .   (shield restricted)
rNeg     + . .     Faith    .   g - +2 robe {rN+}
rPois    .         Spirit   .   (helmet restricted)
rElec    .         Reflect  .   (no cloak)
rCorr    .         Harm     .   (gloves unavailable)
MR       .....     Rnd*Tele +   (boots unavailable)
Stlth    +++.......             (no amulet)
HPRegen  0.05/turn              h - ring of teleportation (curse)
MPRegen  0.11/turn              (no ring)

@: very quick
A: very small, unfitting armour, see invisible, herbivore, speed 3, slow
metabolism 2
a: no special abilities


You were on level 3 of the Dungeon.
You were not hungry.

You visited 1 branch of the dungeon, and saw 3 of its levels.

You collected 90 gold pieces.

Inventory:

Hand Weapons
 d - a +0 dagger (weapon)
 i - a +2 dagger of speed
Armour
 g - a +2 robe of positive energy (worn)
Jewellery
 e - an uncursed ring of flight {unknown}
 h - a cursed ring of teleportation (left hand)
Scrolls
 b - a scroll of enchant armour
Potions
 a - a potion of curing {unknown}
 f - 2 potions of heal wounds {unknown}
Comestibles
 c - 8 rations


   Skills:
 - Level 3.0 Dodging
 + Level 4.5 Stealth
 + Level 3.8 Spellcasting
 + Level 3.4 Conjurations


You had 3 spell levels left.
You knew the following spells:

 Your Spells              Type           Power        Failure   Level  Hunger
a - Magic Dart            Conj           ##..         4%          1    None
b - Searing Ray           Conj           ##....       6%          2    ##.....
c - Dazzling Spray        Conj/Hex       #.....       24%         3    ###....

Your spell library contained the following spells:

 Spells                   Type           Power        Failure   Level  Hunger
 Iskenderun's Mystic Bla  Conj           ##......     36%         4    ####...
 Force Lance              Conj/Tloc      #.......     63%         4    ####...
 Fulminant Prism          Conj/Hex       #.........   63%         4    ####...


Dungeon Overview and Level Annotations

Branches:
Dungeon (3/15)

Altars:

Annotations:
D:2 Natasha, Sigmund, Terence


Innate Abilities, Weirdness & Mutations

You are very small and have problems with some larger weapons.
You are too small for most types of armour.
You have supernaturally acute eyesight. (SInv)
You are a herbivore.
You cover ground extremely quickly.
You need to consume almost no food.


Message History

The orc is severely wounded.
The orc priest shouts!
Casting: Magic Dart (safe; 4% risk of failure)
Confirm with . or Enter, or press ? or * to list all spells.
Aiming: Magic Dart (safe; 4% risk of failure)
Press: ? - help, Shift-Dir - straight line, f/p - orc
Aim: an orc, wielding a +0 mace and wearing a cursed +0 leather armour (severely wounded)
The magic dart hits the orc but does no damage.
The orc is severely wounded.
Casting: Magic Dart (safe; 4% risk of failure)
Confirm with . or Enter, or press ? or * to list all spells.
Aiming: Magic Dart (safe; 4% risk of failure)
Press: ? - help, Shift-Dir - straight line, f/p - orc
Aim: an orc, wielding a +0 mace and wearing a cursed +0 leather armour (severely wounded)
The magic dart hits the orc.
The orc is almost dead.
The orc priest mumbles some strange prayers to Beogh against you.
Beogh smites you!
Ouch! That really hurt!
You die...

... #.# ### #.# .#
#.# .#
#######.######
.####............#
......######.###.#
.###### #.# #.# .#
#.# #.# .# #.# #@#
.# #.# #.# .# #.#
#.# .# #.# #.# .#
#.# #o# .# #o# #.#
#o# . #.#


You could see an orc priest and 2 orcs.

Vanquished Creatures
  Natasha (D:2)
  A worm (D:2)
  2 dart slugs
  An orc (D:3)
  A ball python (D:2)
  3 bats
  2 giant cockroaches (D:1)
  8 goblins
  2 hobgoblins (D:1)
  2 kobolds
  4 frilled lizards
  5 rats
32 creatures vanquished.

Notes
Turn   | Place    | Note
-------+----------+-------------------------------------------
     0 | D:1      | Gildeon the Spriggan Conjurer began the quest for the Orb.
     0 | D:1      | Reached XP level 1. HP: 9/9 MP: 5/5
   184 | D:1      | Reached XP level 2. HP: 9/13 MP: 0/7
   189 | D:1      | Learned a level 2 spell: Searing Ray
   889 | D:2      | Reached skill level 4 in Stealth
   931 | D:2      | Noticed Sigmund
   947 | D:2      | Reached XP level 3. HP: 16/16 MP: 6/8
  1080 | D:2      | Noticed Natasha
  1086 | D:2      | Killed Natasha
  1095 | D:2      | Noticed Terence
  1110 | D:2      | Noticed Natasha
  1304 | D:2      | Learned a level 3 spell: Dazzling Spray
  1978 | D:3      | Killed from afar by an orc priest

Skill      XL: |  1  2 |
---------------+-------+-----
Conjurations   | 3 |  3.4
Spellcasting   | 3 |  3.8
Stealth        | 4 |  4.5
Dodging        | |  3.0

Action                   || total
-------------------------++-------
Melee: Dagger            ||     7
 Cast: Magic Dart        ||    90
  Use: Scroll            ||     4
 Stab: Sleeping          ||     6
Armor: Robe              ||     1
Dodge: Dodged            ||    14
